 Dungeon Crawl Stone Soup version 0.29.1-15-g9cfb28693d (webtiles) character file.

Game seed: 14195952994683954453

14767 Peloso the Carver (level 11, 0/97 HPs)
             Began as a Minotaur Fighter on Apr 22, 2023.
             Was a High Priest of Okawaru.
             Slain by a sun demon (17 damage)
             ... in a volcano.
             The game lasted 00:24:46 (12254 turns).

Peloso the Carver (Minotaur Fighter)               Turns: 12254, Time: 00:24:47

Health: 0/97       AC: 13    Str: 23    XL:     11   Next: 93%
Magic:  9/11       EV: 12    Int:  5    God:    Okawaru [*****.]
Gold:   840        SH: 18    Dex: 17    Spells: 10/10 levels left

rFire   + . .      SeeInvis .   a - +4 falchion
rCold   . . .      Faith    .   d - +4 kite shield "Toddist" {*Corrode rPois Dex+5}
rNeg    . . .      Spirit   .   z - +0 chain mail {rF+}
rPois   +          Reflect  .   A - +2 hat
rElec   .          Harm     .   v - +1 cloak
rCorr   .          Rampage  .   (no gloves)
Will    .....                   m - +0 pair of boots
Stlth   +.........              G - amulet of regeneration
HPRegen 1.06/turn               k - ring of flight
MPRegen 0.12/turn               H - ring of poison resistance

@: mighty, about to teleport, heroic, corroded, flying
A: horns 2, retaliatory headbutt
a: Renounce Religion, Heroism, Finesse, Duel


You were in a volcano.
You worshipped Okawaru.
Okawaru was extremely pleased with you.
You visited 3 branches of the dungeon, and saw 14 of its levels.
You also visited: Volcano.

You collected 840 gold pieces.

Inventory:

Hand Weapons
 a - a +4 falchion (weapon)
 b - the +6 spear "Diept" {flame, rF+ rCorr}
   (You found it on level 4 of the Dungeon)

   It burns those it strikes, dealing additional fire damage.
   rF:        It protects you from fire.
   rCorr:     It protects you from acid and corrosion.
 c - the +8 rapier "Zoallan" {drain, *Rage rPois rCorr Str-2}
   (You found it on level 9 of the Dungeon)

   A truly terrible weapon, it drains the life of any living foe it strikes.
   Str:       It affects your strength (-2).
   rPois:     It protects you from poison.
   *Rage:     It berserks you when you make melee attacks (+20% chance).
   rCorr:     It protects you from acid and corrosion.
Armour
 d - the +4 kite shield "Toddist" (worn) {*Corrode rPois Dex+5}
   (Okawaru gifted it to you on level 1 of the Lair of Beasts)

   Dex:       It affects your dexterity (+5).
   rPois:     It protects you from poison.
   *Corrode:  It may corrode you when you take damage.
 m - a +0 pair of boots (worn)
 v - a +1 cloak (worn)
 z - a +0 chain mail of fire resistance (worn)
 A - a +2 hat (worn)
 L - a +0 plate armour
Jewellery
 k - a ring of flight (left hand)
 o - an amulet of guardian spirit
 x - a ring of magical power
 F - a +6 ring of intelligence
 G - an amulet of regeneration (around neck)
 H - a ring of poison resistance (right hand)
Wands
 w - a wand of flame (2)
 y - a wand of roots (8)
 I - a wand of paralysis (9)
 Q - a wand of digging (7)
Scrolls
 e - a scroll of enchant weapon
 f - a scroll of immolation
 i - a scroll of silence
 l - 2 scrolls of teleportation
 n - a scroll of noise
 q - 2 scrolls of blinking {unknown}
 r - 4 scrolls of vulnerability {unknown}
 u - a scroll of enchant armour {unknown}
 B - 2 scrolls of poison {unknown}
 J - a scroll of amnesia {unknown}
 M - a scroll of summoning {unknown}
 N - a scroll of fear {unknown}
Potions
 g - a potion of might
 h - 2 potions of haste
 j - a potion of mutation
 s - 2 potions of magic
 t - 4 potions of curing {unknown}
 C - 2 potions of attraction {unknown}
 D - a potion of flight {unknown}
 K - a potion of ambrosia {unknown}
 O - a potion of brilliance {unknown}
 P - a potion of berserk rage {unknown}


   Skills:
 + Level 9.5(14.5) Fighting
 + Level 14.3(19.3) Long Blades
 + Level 12.6(17.6) Armour
 + Level 2.6(7.6) Dodging
 + Level 3.0(8.0) Stealth
 + Level 9.5(14.5) Shields
 + Level 2.5 Invocations
 + Level 0.7 Evocations


You had 10 spell levels left.
You didn't know any spells.
Your spell library contained the following spells:

 Spells                   Type           Power      Damage    Failure   Level
 Gell's Gravitas          Tloc           0%         N/A       100%        3
 Lesser Beckoning         Tloc           0%         N/A       100%        3
 Teleport Other           Tloc           0%         N/A       100%        3
 Corpse Rot               Necr/Pois/Air  0%         N/A       100%        4
 Dispel Undead            Necr           0%         3d6       100%        4
 Borgnjor's Revivificati  Necr           0%         N/A       100%        8
 Necromutation            Tmut/Necr      0%         N/A       100%        8
 Death's Door             Necr           0%         N/A       100%        9
 Death Channel            Necr           Unusable   N/A       N/A         6

Dungeon Overview and Level Annotations

Branches:
Dungeon (11/15)            Temple (1/1) D:4            Lair (2/5) D:9
    Orc (0/2) D:10        Volcano (1/1)
  Swamp: Lair:2-3    Shoals: Lair:2-3     Snake: Lair:2-3    Spider: Lair:2-3

Altars:
Cheibriados
Dithmenos
Elyvilon
Fedhas
Gozag
Kikubaaqudgha
Okawaru
Qazlal
Trog
Uskayaw
Vehumet
Wu Jian
Yredelemnul
The Shining One

Shops:
D:2 (*(::   D:4 [

Annotations:
D:5 2 transporters
Lair:1 Joseph, Urug


Innate Abilities, Weirdness & Mutations

You have a pair of horns on your head.
You reflexively headbutt those who attack you in melee.


Message History

The smoke demon gestures at you. The sticky flame hits you. You resist.
You are covered in liquid flames!
* * * LOW HITPOINT WARNING * * *
The smoke demon gestures at you. Something smites you!
* * * LOW HITPOINT WARNING * * *
The steam dragon breathes steam at you. The ball of steam hits you. You resist.
* * * LOW HITPOINT WARNING * * *
The steam dragon breathes steam at you.
The ball of steam hits you but does no damage.
Okay, then.
You feel much better.
You are covered in liquid flames!
* * * LOW HITPOINT WARNING * * *
The sun demon hits you!
* * * LOW HITPOINT WARNING * * *
You are engulfed in flames.
You resist.
* * * LOW HITPOINT WARNING * * *
The smoke demon closely misses you. The smoke demon misses you.
The smoke demon hits you but does no damage.
The steam dragon barely misses you. You block the steam dragon's attack. x2
The steam dragon claws you but does no damage.
You feel much better.
You are covered in liquid flames!
* * * LOW HITPOINT WARNING * * *
The sun demon hits you but does no damage.
A sun demon comes into view.
The smoke demon hits you but does no damage. x2
You block the smoke demon's attack. The smoke demon gestures at you.
Something smites you!
* * * LOW HITPOINT WARNING * * *
You block the steam dragon's attack. The steam dragon barely misses you. x2
You block the steam dragon's attack.
As you read the scroll of teleportation, it crumbles to dust.
You feel strangely unstable. The sun demon closely misses you.
The sun demon hits you!
You die...

....... ..... #§.≈## .
#....## §..§. §..
##.....# .....
≈§..##......## §.§.
..#......33..######§#
........333D........#
..≈.....##@D§§......###
.
#.#....#####§.§.......##
. #...# #§§.........## .
#### ##.§####[....##.
#### #........ ###§.....
#..§... #..§§.. ##§...#


You could see 2 sun demons, 3 smoke demons and 2 steam dragons.

Vanquished Creatures
  4 two-headed ogres
  A centaur warrior (D:9)
  A cane toad (Lair:1)
  A kobold demonologist (D:9)
  An unseen horror (D:11)
  2 komodo dragons
  A meliai (shapeshifter) (D:9)
  A troll (D:8)
  5 blink frogs
  A hornet (D:11)
  A slime creature (D:9)
  Sigmund (D:6)
  A wraith (D:9)
  A wyvern (D:8)
  15 yaks
  A basilisk (Lair:2)
  5 steam dragons
  Menkaure (D:6)
  A hell hound (Volcano)
  2 acid dragons
  2 water moccasins
  6 orc warriors
  2 ogres
  2 sky beasts (D:7)
  5 black bears
  A boggart (D:9)
  4 wolves (Lair:2)
  4 centaurs
  3 kobold brigands
  A necrophage (D:5)
  2 gnoll sergeants
  4 scorpions
  5 bullfrogs
  A water moccasin zombie (D:6)
  3 wights (D:9)
  4 killer bees (D:11)
  3 electric eels (D:10)
  A howler monkey (D:10)
  A bullfrog zombie (D:6)
  A jelly (D:7)
  A gnoll bouda (D:8)
  Crazy Yiuf (D:3)
  5 hounds
  4 orc priests
  Jessica (D:3)
  3 iguanas
  10 orc wizards
  A mummy (D:5)
  22 gnolls
  7 adders
  A shadow imp (D:8)
  2 white imps
  2 ufetubi (D:5)
  A dart slug (D:4)
  55 orcs
  7 bats
  3 endoplasms
  A giant cockroach (D:1)
  5 goblins
  6 hobgoblins
  4 quokkas
  7 ball pythons
  28 kobolds
  5 rats
284 creatures vanquished.

Vanquished Creatures (others)
  An orc wizard (D:5)
  7 fungi
  20 plants
28 creatures vanquished.

Grand Total: 312 creatures vanquished

Notes
Turn   | Place    | Note
-------+----------+-------------------------------------------
     0 | D:1      | Peloso the Minotaur Fighter began the quest for the Orb.
     0 | D:1      | Reached XP level 1. HP: 19/19 MP: 0/0
   349 | D:1      | Reached XP level 2. HP: 27/27 MP: 1/1
   803 | D:2      | Reached XP level 3. HP: 18/33 MP: 2/2
   984 | D:2      | Found Beuxtav's Antique Weapon Boutique.
  1121 | D:2      | Reached skill level 3 in Long Blades
  1138 | D:2      | Found Beinaw's Assorted Antiques.
  1240 | D:2      | Found a faded altar of an unknown god.
  1307 | D:2      | Found Wor Nur's Book Emporium.
  1348 | D:2      | Found Luvecoun's Book Boutique.
  1350 | D:2      | Found Oheusoga's Weapon Emporium.
  1569 | D:3      | Found a runed translucent door.
  1570 | D:3      | Noticed Crazy Yiuf
  1646 | D:3      | Reached XP level 4. HP: 28/40 MP: 1/3
  1909 | D:3      | Reached skill level 5 in Shields
  2220 | D:3      | You are sucked into a shaft and drop 1 floor!
  2232 | D:4      | Reached XP level 5. HP: 36/46 MP: 1/4
  2243 | D:4      | Reached skill level 4 in Long Blades
  2369 | D:4      | Found a blossoming altar of Fedhas.
  2410 | D:4      | Noticed an ogre
  2417 | D:4      | Killed an ogre
  2418 | D:4      | Reached skill level 5 in Armour
  2481 | D:4      | Reached XP level 6. HP: 53/53 MP: 5/5
  2545 | D:4      | Reached skill level 5 in Long Blades
  2624 | D:4      | Found a staircase to the Ecumenical Temple.
  2891 | D:4      | Found Duiriuho's Armour Shoppe.
  3497 | D:3      | Noticed Jessica
  3505 | D:3      | Killed Jessica
  3867 | D:5      | Entered Level 5 of the Dungeon
  3892 | D:5      | Reached skill level 5 in Fighting
  3892 | D:5      | Reached skill level 6 in Long Blades
  3892 | D:5      | Reached XP level 7. HP: 49/61 MP: 4/6
  4009 | D:5      | Found an opulent altar of Gozag.
  4415 | D:5      | Reached skill level 7 in Long Blades
  4630 | D:5      | Found a bloodstained altar of Trog.
  4630 | D:5      | Found a shadowy altar of Dithmenos.
  4632 | D:5      | Found a hide-covered altar of Uskayaw.
  4632 | D:5      | Found a stormy altar of Qazlal.
  4661 | D:5      | Found a snail-covered altar of Cheibriados.
  4734 | D:5      | Found a transporter.
  4750 | D:5      | Found a transporter.
  4969 | Temple   | Entered the Ecumenical Temple
  4999 | Temple   | Became a worshipper of Warmaster Okawaru
  5018 | D:4      | Identified the +6 spear "Diept" {flame, rF+ rCorr}
  5109 | D:6      | Reached XP level 8. HP: 48/68 MP: 4/7
  5444 | D:6      | Noticed Menkaure
  5451 | D:6      | Killed Menkaure
  5451 | D:6      | Reached * piety under Okawaru
  5682 | D:6      | Noticed Sigmund
  5699 | D:6      | Killed Sigmund
  5700 | D:6      | Reached skill level 8 in Long Blades
  5838 | D:6      | Reached skill level 1 in Stealth
  6043 | D:6      | Reached skill level 1 in Dodging
  6229 | D:5      | Reached skill level 9 in Long Blades
  6245 | D:6      | Reached XP level 9. HP: 66/75 MP: 6/8
  6301 | D:6      | Reached ** piety under Okawaru
  6471 | D:6      | Found a basalt altar of Yredelemnul.
  6951 | D:7      | Reached skill level 10 in Long Blades
  7169 | D:7      | Noticed a two-headed ogre
  7185 | D:7      | Killed a two-headed ogre
  7518 | D:7      | Found an ornate altar of the Wu Jian Council.
  7848 | D:3      | Killed Crazy Yiuf
  7982 | D:8      | Identified the +2 rapier "Murmur" {freeze, Will- Int+3
                  | Dex+4}
  8011 | D:8      | Found a radiant altar of Vehumet.
  8012 | D:8      | Found an ancient bone altar of Kikubaaqudgha.
  8017 | D:8      | Reached skill level 10 in Armour
  8284 | D:8      | Reached skill level 11 in Long Blades
  8957 | D:9      | Noticed a troll
  8964 | D:9      | Noticed a two-headed ogre
  8972 | D:8      | Killed a troll
  8973 | D:8      | Reached XP level 10. HP: 60/80 MP: 7/9
  9044 | D:9      | Killed a two-headed ogre
  9044 | D:9      | Reached *** piety under Okawaru
  9077 | D:9      | Found a staircase to the Lair.
  9083 | D:9      | Reached skill level 1 in Invocations
  9219 | D:9      | Reached skill level 12 in Long Blades
  9321 | D:9      | Noticed a centaur warrior
  9343 | D:9      | Killed a centaur warrior
  9401 | D:9      | Identified the +8 rapier "Zoallan" {drain, *Rage rPois
                  | rCorr Str-2}
  9442 | D:9      | Reached **** piety under Okawaru
  9804 | D:10     | Entered Level 10 of the Dungeon
  9928 | D:10     | Reached XP level 11. HP: 80/95 MP: 11/11
 10024 | D:10     | Found a staircase to the Orcish Mines.
 10054 | D:10     | Identified the +5 dagger "Iblin" {vorpal, rCorr Str+3
                  | Dex+4}
 10249 | D:10     | Noticed a two-headed ogre
 10262 | D:10     | Killed a two-headed ogre
 10262 | D:10     | Reached ***** piety under Okawaru
 10263 | D:10     | Reached skill level 13 in Long Blades
 11025 | D:11     | Found a faded altar of an unknown god.
 11096 | D:11     | Noticed a two-headed ogre
 11105 | D:11     | Killed a two-headed ogre
 11792 | Lair:1   | Entered Level 1 of the Lair of Beasts
 11874 | Lair:1   | Identified the +4 kite shield "Toddist" {*Corrode rPois
                  | Dex+5} (Okawaru gifted it to you on level 1 of the Lair of
                  | Beasts)
 11874 | Lair:1   | Received a gift from Okawaru
 11879 | Lair:1   | Reached skill level 14 in Long Blades
 11896 | Lair:1   | You are sucked into a shaft and drop 1 floor!
 12143 | Lair:1   | Noticed Joseph
 12174 | Lair:1   | Found a dark tunnel.
 12175 | Lair:1   | Noticed Urug
 12179 | Volcano  | Entered a volcano
 12228 | Volcano  | Noticed a sun demon
 12250 | Volcano  | HP: 1/97 [sun demon (8)]
 12253 | Volcano  | Noticed a sun demon
 12254 | Volcano  | Slain by a sun demon

Illustrated notes

Levels and vault maps discovered:
D:1:      lemuel_arrival_hallway, layout_loops_cross, palyth_stone_intersect
D:2:      layout_loops_cross, serial_shops, shop, shop, nicolae_shop_trees,
          nicolae_square_shop, shop, chequers_ecumenical_altar_twisty,
          grunt_ministairs_2, minmay_split_cup_small
D:3:      layout_rooms, uniq_crazy_yiuf_cottage, uniq_jessica
D:4:      layout_basic, mainiacjoe_overflow_tiny_flanked,
          minmay_temple_entry_from_below_a, serial_shops,
          nicolae_shop_hallway_plus
D:5:      gammafunk_steamed_eel, layout_cave_pods, mainiacjoe_overflow_alcove_3,
          mainiacjoe_overflow_chevrons, slow_altar_1
D:6:      layout_basic, lemuel_zombie_altar_yredelemnul,
          amcnicky_mini_corridor_feature, minivault_27, uniq_menkaure,
          uniq_sigmund
D:7:      layout_rooms, nzn_wu_jian_council_hall, supply_closet_lemuel,
          minmay_checkerbox
D:8:      layout_loops_corners, gammafunk_temple_overflow_pools
D:9:      layout_roguey [special_room_orc], lair_entry_dummy,
          hangedman_decor_slide_cut, kb_rosetta
D:10:     layout_big_octagon
D:11:     layout_cave_pods, serial_column_ruins, column_ruins_hut,
          column_ruins_temple_hut, column_ruins_corridor_straight,
          column_ruins_grid_4, column_ruins_corridor_corner,
          column_ruins_grid_1, column_ruins_open_small, column_ruins_open_tiny
Temple:   bh_familiar_temple
Lair:1:   layout_cellular_growth, nicolae_volcano_entry_lava_flow,
          grunt_forest_small_clearing_treed, serial_bayou_shore_a, uniq_joseph,
          uniq_gastronok, uniq_urug, uniq_fannar
Lair:2:   nzn_winding_woodlands_three_and_one [nzn_winding_woodlands_5x15_twine,
          nzn_winding_woodlands_5x15_river_crossing,
          nzn_winding_woodlands_5x15_split_checker,
          nzn_winding_woodlands_center_pierced_h], layout_long_grid,
          infiniplex_staircase_pool_2, lemuel_fruit_tree
Volcano:  hellmonk_smoking_crater

Skill      XL: |  1  2  3  4  5  6  7  8  9 10 11 |
---------------+----------------------------------+-----
Fighting       | 4 5 6 8 9 |  9.5
Armour         | 4 5 6 7 8 10 11 12 | 12.6
Shields        | 4 5 6 7 8 9 |  9.5
Long Blades    | 3 4 6 7 9 11 12 14 | 14.3
Stealth        | 1 2 3 |  3.0
Dodging        | 1 2 |  2.6
Invocations    | 1 2 |  2.5
Evocations     | |  0.7

Action                   |  1- 3 |  4- 6 |  7- 9 | 10-12 || total
-------------------------+-------+-------+-------+-------++-------
Melee: Long sword        |    93 |   120 |   407 |    50 ||   670
       Headbutt          |     8 |    22 |    87 |   115 ||   232
       Falchion          |       |       |       |   482 ||   482
Invok: Heroism           |       |       |     6 |    21 ||    27
Evoke: Wand              |       |       |       |     7 ||     7
  Use: Potion            |       |     1 |       |     4 ||     5
       Scroll            |       |       |     8 |     6 ||    14
 Stab: Paralysed         |       |       |       |     3 ||     3
Armor: Plate armour      |    82 |    75 |   340 |   252 ||   749
       Scale mail        |     3 |       |       |       ||     3
       Chain mail        |       |       |       |    97 ||    97
Dodge: Dodged            |    29 |    43 |   143 |   195 ||   410
Block: Buckler           |    28 |    33 |   112 |   104 ||   277
       Kite shield       |       |       |       |   126 ||   126
